[Event "*** Titled Tuesday 3|2 Blitz"]
[Site "Chess.com"]
[Date "2016.08.02"]
[Round "6"]
[White "Quiet_Desperation"]
[Black "Kawhi_Leonard2"]
[Result "0-1"]
[WhiteElo "2135"]
[BlackElo "2106"]
[TimeControl "180+2"]
[EndTime "12:17:33 PDT"]
[Termination "Kawhi_Leonard2 won by resignation"]

1. e4 c5 2. Nf3 d6 3. d4 cxd4 4. Nxd4 Nf6 5. Nc3 g6 6. Be3 Bg7 7. f3 O-O 8. Qd2 Nc6 9. Bc4 Bd7 10. O-O-O Rc8 11. Bb3 Nxd4 12. Bxd4 b5 13. h4 a5 14. a3 b4 15. axb4 axb4 16. Nd5 Nxd5 17. Bxg7 Kxg7 18.
exd5 Qa5 19. Qd4+ Kg8 20. h5 Bf5 21. hxg6 Bxg6 22. Rh6 Rc5 23. Rdh1 Rfc8 24. Rxg6+ fxg6 25. Qh4 h5 26. Qxe7 Qa1+ 27. Kd2 Qxh1 28. Qe6+ Kg7 29. Qe7+ Kh6 30. Qe3+ Kh7 31. Qe7+ Kh8 32. Qf6+ Kh7 33. Qf7+ Kh6 34. Qf4+ Kg7 35. Qxd6 Qxg2+ 36. Kd3 Qxf3+ 37. Kd4 Qf6+ 38. Qxf6+ Kxf6 39. d6 Re5 40. c4 bxc3 41. bxc3 Rd8 0-1

[Event "*** Titled Tuesday 3|2 Blitz"]
[Site "Chess.com"]
[Date "2016.08.02"]
[Round "6"]
[White "CroatianPower"]
[Black "Andrejkin"]
[Result "0-1"]
[WhiteElo "2412"]
[BlackElo "2233"]
[TimeControl "180+2"]
[EndTime "12:18:29 PDT"]
[Termination "Andrejkin won by resignation"]

1. d4 Nf6 2. c4 e6 3. Nf3 b6 4. a3 Bb7 5. Nc3 d5 6. cxd5 Nxd5 7. Qc2 Be7 8. e4 Nxc3 9. bxc3 O-O 10. Bd3 c5 11. O-O Nc6 12. Be3 cxd4 13. cxd4 Rc8 14. Qe2 h6 15. a4 Nb4 16. Bb1 Ba6 17. Qb2 Bxf1 18. Kxf1 Qc7 19. e5 Rfd8 20. Be4 Nc2 21. Rd1 Nxe3+ 22. fxe3 Qc3 23. Qe2 Bb4 24. Bb1 a5 25. e4 Qa1 26. d5 Qxa4 27. d6 Rc3 28.
Bd3 Qb3 29. Nd4 Qa3 30. Nb5 Qa4 31. Nxc3 Bxc3 32. Bb5 Qb4 33. d7 a4 34. Qc4 Qxc4+ 35.
Bxc4 a3 36. Ke2 b5 37. Bb3 Bxe5 38. h3 Kf8 39. Rd3 Ke7 0-1

[Event "*** Titled Tuesday 3|2 Blitz"]
[Site "Chess.com"]
[Date "2016.08.02"]
[Round "6"]
[White "MMSANCHEZ"]
[Black "diokletian"]
[Result "0-1"]
[WhiteElo "2283"]
[BlackElo "2439"]
[TimeControl "180+2"]
[EndTime "12:18:29 PDT"]
[Termination "diokletian won by resignation"]

1. d4 Nf6 2. Nf3 g6 3. Nbd2 d5 4. e3 Bg7 5. b4 O-O 6. c4 b6 7. a4 c5 8. bxc5 bxc5 9. Bb2 Nc6 10. Be2 Rb8 11. Rb1 Bf5 12. O-O Bxb1 13. Qxb1 cxd4 14. Nxd4 Nxd4 15. exd4 dxc4 16. Bxc4 Nh5 17. Qa1 Qa5 18. Rd1 Rfc8 19. Qa2 e6 20. Ba1 Nf4 21. Nf3 Qf5 22.
Ne5 Bxe5 23. dxe5 Rxc4 24. Qxc4 Qg4 25. Qf1 Nh3+ 26. Kh1 Nxf2+ 0-1

[Event "*** Titled Tuesday 3|2 Blitz"]
[Site "Chess.com"]
[Date "2016.08.02"]
[Round "6"]
[White "Usurpov"]
[Black "Oleksandr_Bortnyk"]
[Result "0-1"]
[WhiteElo "2335"]
[BlackElo "2541"]
[TimeControl "180+2"]
[EndTime "12:18:43 PDT"]
[Termination "Oleksandr_Bortnyk won by resignation"]

1. e4 Nf6 2. Nc3 d5 3. e5 Nfd7 4. d4 c5 5. Nce2 cxd4 6. f4 e6 7. Nxd4 Nc6 8. Ngf3 Bc5 9. c3 O-O 10. Bd3 g6 11. Be3 Qb6 12. b4 Nxd4 13. Nxd4 Bxd4 14.
Bxd4 Qc7 15. O-O a5 16. a3 Nb6 17. Qe1 Nc4 18. f5 exf5 19. Bxf5 Bxf5 20. Rxf5 axb4 21. cxb4 Rxa3 22. Rc1 gxf5 23. e6 fxe6 24. Qh4 e5 25.
Rxc4 dxc4 0-1

[Event "*** Titled Tuesday 3|2 Blitz"]
[Site "Chess.com"]
[Date "2016.08.02"]
[Round "6"]
[White "RamonManon0g"]
[Black "Nadtkins"]
[Result "1-0"]
[WhiteElo "2247"]
[BlackElo "2430"]
[TimeControl "180+2"]
[EndTime "12:19:04 PDT"]
[Termination "RamonManon0g won by checkmate"]

1. d4 d6 2. Bg5 g6 3. Nd2 Bg7 4. c3 Nf6 5. e4 Nc6 6. f4 h6 7. Bh4 O-O 8. Ngf3 Bg4 9. Bd3 e5 10. fxe5 dxe5 11. d5 g5 12. Bg3 Nh5 13. O-O Nxg3 14.
hxg3 Ne7 15. Qb3 b6 16. Nc4 Ng6 17. Ne3 Bd7 18. Rad1 Qe7 19. Qc4 Qd6 20. Nd2 Ne7 21. Qb3 a5 22. Rf2 Qc5 23. Re1 f5 24. d6+ Kh8 25. dxe7 Qxe7 26. Nxf5 Qc5 27. Qd5 Qxd5 28. exd5 a4 29. Ref1 a3 30. Nxg7 Rxf2 31. Rxf2 axb2 32. Nh5 Rxa2 33. Rf8# 1-0

[Event "*** Titled Tuesday 3|2 Blitz"]
[Site "Chess.com"]
[Date "2016.08.02"]
[Round "6"]
[White "ecwinslow"]
[Black "MateusViageiro"]
[Result "0-1"]
[WhiteElo "2003"]
[BlackElo "2279"]
[TimeControl "180+2"]
[EndTime "12:19:07 PDT"]
[Termination "MateusViageiro won on time"]

1. d4 Nf6 2. c4 e6 3. Nf3 b6 4. Nc3 Bb7 5. a3 d5 6. cxd5 Nxd5 7. e3 Nxc3 8. bxc3 Be7 9. Bb5+ c6 10. Bd3 Nd7 11. e4 O-O 12. Qe2 c5 13. e5 Re8 14.
h4 Nf8 15. Ng5 cxd4 16. cxd4 Qxd4 17. Bb2 Qd5 18. Ne4 Red8 19. Rd1 Qa5+ 20. Kf1 Rac8 21.
h5 h6 22. Rh3 Rxd3 23. Rdxd3 Ba6 24. Nf6+ Bxf6 0-1

[Event "*** Titled Tuesday 3|2 Blitz"]
[Site "Chess.com"]
[Date "2016.08.02"]
[Round "6"]
[White "eltenedor"]
[Black "calemcc"]
[Result "0-1"]
[WhiteElo "2026"]
[BlackElo "2126"]
[TimeControl "180+2"]
[EndTime "12:19:14 PDT"]
[Termination "calemcc won by resignation"]

1. c4 e6 2. g3 d5 3. d4 c6 4. b3 Nf6 5. Bg2 Nbd7 6. Nf3 Bd6 7. Bb2 O-O 8. O-O b6 9. Nbd2 Bb7 10. Qc2 c5 11. cxd5 Nxd5 12. a3 Rc8 13. Qd3 cxd4 14.
Nxd4 Nc5 15. Qb1 Qc7 16. Rc1 Qb8 17. Nc4 Be7 18. Qa2 Bf6 19. e4 Ne7 20. e5 Bxe5 21. Nxe5 Bxg2 22. Kxg2 Qxe5 23. Nf3 Qe4 24. Rc4 Qb7 25. Rg4 Nf5 26. b4 Nd3 27. Be5 Nxe5 0-1

[Event "*** Titled Tuesday 3|2 Blitz"]
[Site "Chess.com"]
[Date "2016.08.02"]
[Round "6"]
[White "sandropozo"]
[Black "fpawn"]
[Result "1-0"]
[WhiteElo "2371"]
[BlackElo "2220"]
[TimeControl "180+2"]
[EndTime "12:19:23 PDT"]
[Termination "sandropozo won by resignation"]

1. d4 f5 2. Bf4 Nf6 3. e3 g6 4. h4 Bg7 5. h5 Nxh5 6. Rxh5 gxh5 7.
Qxh5+ Kf8 8. Qxf5+ Kg8 9. Nf3 e6 10. Qh5 d6 11. Bd3 h6 12. Nc3 Nd7 13. O-O-O Nf6 14.
Qh2 Ng4 15. Qg3 Nf6 16. Rh1 Kf8 17. Nh4 Rg8 18. Ng6+ Ke8 19. e4 Kd7 20. e5 Ne8 21. d5 exd5 22. Nxd5 c5 23. e6+ Kc6 24. Nge7+ 1-0

[Event "*** Titled Tuesday 3|2 Blitz"]
[Site "Chess.com"]
[Date "2016.08.02"]
[Round "6"]
[White "StellarChessPro"]
[Black "Tash_Boy"]
[Result "0-1"]
[WhiteElo "2343"]
[BlackElo "2308"]
[TimeControl "180+2"]
[EndTime "12:19:35 PDT"]
[Termination "Tash_Boy won by resignation"]

1. d4 Nf6 2. Bg5 Ne4 3. Bf4 c5 4. f3 Nf6 5. dxc5 Qa5+ 6. Qd2 Qxc5 7. Nc3 d6 8. e4 Nbd7 9. O-O-O a6 10. h4 b5 11. Be3 Qc7 12. g4 e6 13. g5 Nh5 14.
Nge2 Bb7 15. Bh3 Rc8 16. Bg4 g6 17. Bxh5 gxh5 18. Nf4 Ne5 19. Nxh5 Nc4 20. Qd4 e5 21. Nf6+ Kd8 22. Qd3 Nxe3 23. Qxe3 b4 24. f4 bxc3 25.
b3 Qa5 26. Kb1 Qa3 27. Qc1 Qxc1+ 28. Kxc1 exf4 29. e5 Be7 30. Rhe1 f3 31. exd6 Bxf6 32. gxf6 Rg8 33. Re7 f2 34. Rxf7 Rg1 35. Rf8+ Kd7 36. Rf7+ Kc6 0-1

[Event "*** Titled Tuesday 3|2 Blitz"]
[Site "Chess.com"]
[Date "2016.08.02"]
[Round "6"]
[White "Imre91"]
[Black "platy3"]
[Result "0-1"]
[WhiteElo "2532"]
[BlackElo "2691"]
[TimeControl "180+2"]
[EndTime "12:19:40 PDT"]
[Termination "platy3 won by resignation"]

1. c4 c5 2. Nf3 Nc6 3. Nc3 Nf6 4. g3 g6 5. Bg2 Bg7 6. O-O O-O 7. a3 d5 8. cxd5 Nxd5 9. Nxd5 Qxd5 10. d3 Qd6 11.
Bf4 e5 12. Be3 b6 13. b4 cxb4 14. axb4 Bb7 15. b5 Nd4 16. Bxd4 exd4 17. Qa4 Rfe8 18. Ra2 Rac8 19. Rfa1 Bd5 20. Rc2 Rc3 21. Rd2 Qc5 22.
h4 h6 23. h5 g5 24. Qxa7 Ra8 25. Qxa8+ Bxa8 26. Rxa8+ Bf8 27. Nh2 Rc1+ 28. Nf1 Qxb5 29. Rd8 Qa5 30. Rb2 b5 31. Rd5 Rc5 32. Rd7 b4 33. Nd2 Qa1+ 34. Rb1 Rc1+ 35. Rxc1 Qxc1+ 36. Nf1 b3 37. Bd5 b2 38. Rxf7 b1=Q 0-1

[Event "*** Titled Tuesday 3|2 Blitz"]
[Site "Chess.com"]
[Date "2016.08.02"]
[Round "6"]
[White "BillieKimbah"]
[Black "Tesla37"]
[Result "1-0"]
[WhiteElo "2524"]
[BlackElo "2657"]
[TimeControl "180+2"]
[EndTime "12:19:40 PDT"]
[Termination "BillieKimbah won by resignation"]

1. Nf3 Nf6 2. g3 d5 3. Bg2 c6 4. O-O Bg4 5. d3 Nbd7 6. h3 Bh5 7. Qe1 e5 8. e4 dxe4 9. dxe4 Bc5 10. a4 O-O 11.
Nh4 Re8 12. Na3 Qc7 13. Nc4 Nf8 14. b4 Be7 15. Nf5 N6d7 16. Nxe7+ Rxe7 17. Ba3 Ne6 18. b5 cxb5 19. Bxe7 Qxc4 20. Qd2 Nb6 21. a5 Na4 22.
Qd5 Nc3 23. Qxb7 Re8 24. Qxa7 Nd4 25. Qd7 f6 26. a6 Nc6 27. a7 Ra8 28. Qb7 Rxa7 29.
Rxa7 Nxa7 30. Qxa7 Be2 31. Ra1 h5 32. Qd7 Kh7 33.
Bxf6 1-0

[Event "*** Titled Tuesday 3|2 Blitz"]
[Site "Chess.com"]
[Date "2016.08.02"]
[Round "6"]
[White "Journey_to_GrandMaster_YT"]
[Black "Wolverine_master"]
[Result "1-0"]
[WhiteElo "2426"]
[BlackElo "2008"]
[TimeControl "180+2"]
[EndTime "12:19:50 PDT"]
[Termination "Journey_to_GrandMaster_YT won by resignation"]

1. d4 Nf6 2. Nf3 e6 3. e3 Be7 4. Bd3 O-O 5. e4 d6 6. O-O b6 7. Re1 Bb7 8. h3 Nbd7 9. Bf4 c5 10. c3 Rc8 11. a4 Re8 12. Na3 Bf8 13. e5 dxe5 14. dxe5 Nd5 15. Bg3 g6 16. Nc4 Ba6 17. a5 Bxc4 18. Bxc4 Nb8 19. axb6 Qxb6 20. Bxd5 exd5 21. Qxd5 Bg7 22. Ng5 Rf8 23. e6 Qc6 24. exf7+ Kh8 25. Qxc6 Nxc6 26. Bd6 Rfd8 27. Bxc5 h6 28.
Ne6 Rd5 29. f8=Q+ Bxf8 30. Bxf8 Ne5 31. Bg7+ Kh7 32. Bxe5 Re8 33. Rxa7+ Kg8 34. Rg7+ 1-0

[Event "*** Titled Tuesday 3|2 Blitz"]
[Site "Chess.com"]
[Date "2016.08.02"]
[Round "6"]
[White "VennyIce"]
[Black "SabinoBrunello"]
[Result "1-0"]
[WhiteElo "1974"]
[BlackElo "2550"]
[TimeControl "180+2"]
[EndTime "12:19:52 PDT"]
[Termination "VennyIce won by resignation"]

1. e4 e6 2. d4 d5 3. Nc3 Nf6 4. Bg5 Bb4 5. e5 h6 6. Bd2 Bxc3 7. bxc3 Ne4 8. Bd3 Nxd2 9. Qxd2 c5 10. f4 Nc6 11. Nf3 c4 12. Be2 Qe7 13. O-O Bd7 14.
Rfb1 b6 15. Qc1 Kd8 16. a4 Kc7 17. Rb2 Rag8 18. Qb1 g5 19. a5 Rb8 20. axb6+ axb6 21. Ra6 Rb7 22. Raxb6 Rxb6 23. Rxb6 Rb8 24. Rxb8 Nxb8 25.
fxg5 hxg5 26. Qb4 Qxb4 27. cxb4 Nc6 28. c3 Na7 29. Nxg5 Nb5 30. Nxf7 Nxc3 31. Bg4 Na2 32. Kf2 c3 33. Bd1 Nxb4 34. h4 Be8 35. Nd6 Kd8 36. Nxe8 Kxe8 37. Ba4+ Kf7 38. Ke3 Kg7 39. g4 Kh6 40.
Bd7 Na2 41. Kd3 1-0

[Event "*** Titled Tuesday 3|2 Blitz"]
[Site "Chess.com"]
[Date "2016.08.02"]
[Round "6"]
[White "brauliocuarta"]
[Black "the_drake"]
[Result "1-0"]
[WhiteElo "2060"]
[BlackElo "2093"]
[TimeControl "180+2"]
[EndTime "12:19:53 PDT"]
[Termination "brauliocuarta won by checkmate"]

1. d4 d5 2. c4 e6 3. Nc3 Nf6 4. Nf3 Nbd7 5. cxd5 exd5 6. Qb3 c5 7. Nxd5 Nxd5 8.
Qxd5 Be7 9. dxc5 O-O 10. e3 Bxc5 11. Bd2 Qb6 12. Bc3 Bb4 13. Bxb4 Qxb4+ 14. Qd2 Qg4 15. Be2 Nf6 16. O-O Ne4 17. Qb4 Nxf2 18. Nd4 Nh3+ 19. Kh1 Qe4 20. Bf3 Qxe3 21. gxh3 Bxh3 22. Rg1 a5 23. Qc3 Qxc3 24. bxc3 Rac8 25. Rg3 Bd7 26. Bxb7 Rc7 27. Bd5 g6 28. Rf1 Kg7 29. c4 f5 30.
Be6 Re8 31. Nxf5+ Kf6 32. Bxd7 Rxd7 33. Nd6+ Ke7 34. Nxe8 Kxe8 35. Re3+ Kd8 36. Rc1 Rd2 37.
c5 Kc7 38. c6 Rd8 39. Re7+ Kc8 40. c7 Rh8 41. Rb1 Rd8 42. Rb8# 1-0

[Event "*** Titled Tuesday 3|2 Blitz"]
[Site "Chess.com"]
[Date "2016.08.02"]
[Round "6"]
[White "MFBerna"]
[Black "AnastasiaProtopopova"]
[Result "0-1"]
[WhiteElo "2144"]
[BlackElo "2048"]
[TimeControl "180+2"]
[EndTime "12:20:18 PDT"]
[Termination "AnastasiaProtopopova won by resignation"]

1. e4 e5 2. Nf3 Nc6 3. d4 exd4 4. Nxd4 Bc5 5. Be3 Qf6 6. c3 Nge7 7. Bc4 O-O 8. O-O Ne5 9. Bb3 d6 10. h3 Qg6 11. Kh2 Qxe4 12. Nd2 Qg6 13. Bc2 Qf6 14. Ne4 Qh4 15. Bg5 Ng4+ 16. Qxg4 Qxg4 17. hxg4 f6 18. Be3 Bxd4 19. cxd4 Bxg4 20. Bb3+ d5 21. Rac1 c6 22. Nc5 Rab8 23. Bf4 Rbe8 24. Nxb7 Ng6 25. Be3 f5 26. Rxc6 f4 27. Bd2 Rf5 28. Re1 Rh5+ 29. Kg1 Rxe1+ 30.
Bxe1 f3 31. Rd6 Nf4 32. Rd8+ Kf7 33. Bb4 Ne2+ 0-1

[Event "*** Titled Tuesday 3|2 Blitz"]
[Site "Chess.com"]
[Date "2016.08.02"]
[Round "6"]
[White "Gabrielian_Artur"]
[Black "DeviatkinAndrey"]
[Result "0-1"]
[WhiteElo "2548"]
[BlackElo "2565"]
[TimeControl "180+2"]
[EndTime "12:20:19 PDT"]
[Termination "DeviatkinAndrey won by resignation"]

1. e4 c6 2. d4 d5 3. e5 Bf5 4. Nf3 e6 5. Be2 Ne7 6. O-O Nd7 7. Nbd2 a6 8. a4 c5 9. Nb3 Nc6 10. c3 Be7 11. Be3 cxd4 12. Nbxd4 Bg6 13. Bf4 O-O 14.
Re1 Qb6 15. Qd2 Nc5 16. a5 Qc7 17. Nxc6 bxc6 18. Nd4 Ne4 19. Qe3 c5 20. Nf3 Rfb8 21.
Ra2 Rd8 22. Bf1 d4 23. cxd4 cxd4 24. Nxd4 Bc5 25. Rd1 Rd7 26. Ra4 Rad8 27. f3 Qa7 28.
fxe4 Rxd4 29. Rdxd4 Rxd4 0-1

[Event "*** Titled Tuesday 3|2 Blitz"]
[Site "Chess.com"]
[Date "2016.08.02"]
[Round "6"]
[White "LaStreetCmaMaison"]
[Black "ShimanovAlex"]
[Result "1-0"]
[WhiteElo "2519"]
[BlackElo "2576"]
[TimeControl "180+2"]
[EndTime "12:20:40 PDT"]
[Termination "LaStreetCmaMaison won by resignation"]

1. Nf3 Nf6 2. g3 g6 3. b3 Bg7 4. Bb2 O-O 5. Bg2 c5 6. c4 d6 7. O-O e5 8. d3 Nc6 9. Nc3 Nh5 10.
e4 f5 11. exf5 Bxf5 12. Nh4 Bd7 13. Ne4 Qe7 14. Qe2 Rae8 15. Rae1 Kh8 16. Bf3 Nf4 17.
gxf4 Qxh4 18. Nxd6 Rxf4 19. Nxe8 Bxe8 20. Bg2 Bd7 21. Qe3 Rg4 22. Kh1 Nd4 23. Bxd4 cxd4 24. Qh3 Qg5 25. f3 Rxg2 26. Qxg2 Qf4 27. Re4 Qf5 28.
Qg4 Qf7 29. Qg5 Bf6 30. Qg3 Qg7 31. Rfe1 Bc6 32. Rxe5 Bxe5 33. Qxe5 Bxf3+ 34. Kg1 Qxe5 35. Rxe5 Kg7 36. Kf2 Bc6 37. b4 Kf6 38. Rc5 a6 39. b5 axb5 40. cxb5 Bh1 41. a4 Ke6 42. a5 Kd6 43.
Rc4 Ke5 44. a6 bxa6 45. bxa6 Kd5 46. a7 1-0

[Event "*** Titled Tuesday 3|2 Blitz"]
[Site "Chess.com"]
[Date "2016.08.02"]
[Round "6"]
[White "usbista"]
[Black "Makalexa"]
[Result "0-1"]
[WhiteElo "2012"]
[BlackElo "2166"]
[TimeControl "180+2"]
[EndTime "12:20:49 PDT"]
[Termination "Makalexa won on time"]

1. e4 c5 2. Nf3 d6 3. d4 cxd4 4.
Nxd4 Nf6 5. Nc3 a6 6. Bc4 e6 7. Bb3 Be7 8. Qf3 O-O 9. Qg3 Nh5 10.
Qf3 Nf6 11. O-O Nc6 12. Nxc6 bxc6 13. e5 Nd5 14. exd6 Bxd6 15. Ne4 Be5 16. c4 Ne7 17. Rd1 Qc7 18. Bc2 Bb7 19. Ng5 g6 20. Qh3 h5 21.
Be3 Nf5 22. Bxf5 exf5 23. Nf3 Bxb2 24. Rab1 Rad8 25. Nd4 Bxd4 26. Bxd4 c5 27. Ba1 Qc6 28. f3 Qa4 0-1

[Event "*** Titled Tuesday 3|2 Blitz"]
[Site "Chess.com"]
[Date "2016.08.02"]
[Round "6"]
[White "Sven_Tica"]
[Black "ajkom197"]
[Result "1-0"]
[WhiteElo "2424"]
[BlackElo "2205"]
[TimeControl "180+2"]
[EndTime "12:21:00 PDT"]
[Termination "Sven_Tica won by resignation"]

1. d4 d5 2. c4 c6 3. cxd5 cxd5 4. Bf4 Nf6 5. e3 Nc6 6. Nc3 e6 7. Rc1 Bd6 8. Bxd6 Qxd6 9. f4 O-O 10. Nf3 Bd7 11. Bd3 a6 12. O-O Rac8 13. Ne5 Nb4 14. Bb1 Rc7 15. g4 g6 16. g5 Nh5 17. Rf3 f6 18.
gxf6 Rxf6 19. Rh3 Be8 20. Qg4 Rg7 21. Kh1 Nc6 22. Rg1 Qb4 23. Rxh5 Qxb2 24. Na4 Qf2 25. Rh3 Nxd4 26. Qd1 Ne2 27. Rg2 Bxa4 28. Qxe2 Qxe2 29. Rxe2 Rc7 30. Kg2 Rf8 31. Rf3 Rfc8 32. Rf1 Rc1 33. Rxc1 Rxc1 34. Bd3 Kg7 35. h4 Rc3 36. Rd2 h5 37.
Kf2 Be8 38. Kf3 Kf6 39. Rg2 b5 40. Bxg6 Bc6 41. Nxc6 Rxc6 42. Bxh5 Rc3 43. Be8 d4 44. Re2 e5 45. Ke4 Rxe3+ 46. Rxe3 dxe3 47. fxe5+ Ke6 48. Bh5 1-0

[Event "*** Titled Tuesday 3|2 Blitz"]
[Site "Chess.com"]
[Date "2016.08.02"]
[Round "6"]
[White "Hieronymus00"]
[Black "Caisachess"]
[Result "1-0"]
[WhiteElo "2141"]
[BlackElo "2171"]
[TimeControl "180+2"]
[EndTime "12:21:00 PDT"]
[Termination "Hieronymus00 won by checkmate"]

1. e4 e5 2. Nf3 Nc6 3. Bb5 f5 4. d3 fxe4 5. dxe4 Nf6 6. O-O Bc5 7. Bxc6 bxc6 8. Nxe5 O-O 9. Nc3 Qe8 10. Nd3 Nxe4 11.
Nxe4 Qxe4 12. Nxc5 Qf5 13. Nd3 d5 14. Qe2 Bd7 15.
Be3 Rae8 16. Qd2 Qg6 17. Kh1 Re4 18. Rae1 Rh4 19. g3 Bg4 20. f4 Rh3 21. Bc5 Rb8 22.
Ne5 Qh5 23. Nxg4 Qxg4 24. Qe2 Qg6 25. Qe6+ Qxe6 26. Rxe6 Rxb2 27. Rf2 Rxa2 28. Rxc6 Rh5 29. Rxc7 a5 30. Re2 h6 31. Kg2 Rf5 32. Kf3 a4 33.
Ree7 g5 34. Rg7+ Kh8 35. Rh7+ Kg8 36. Rcg7# 1-0

[Event "*** Titled Tuesday 3|2 Blitz"]
[Site "Chess.com"]
[Date "2016.08.02"]
[Round "6"]
[White "FearlessKing64"]
[Black "wonderfultime"]
[Result "0-1"]
[WhiteElo "2064"]
[BlackElo "2605"]
[TimeControl "180+2"]
[EndTime "12:21:10 PDT"]
[Termination "wonderfultime won by resignation"]

1. e4 c5 2. Nf3 d6 3. d4 cxd4 4.
Nxd4 Nf6 5. f3 Nc6 6. c4 e5 7.
Nc2 Be6 8. Be3 Be7 9. Qd2 O-O 10. Nc3 Nd7 11. Be2 Rc8 12. O-O Re8 13. Rfd1 a6 14.
Rac1 Bf8 15. Bf1 Nc5 16. b4 Nd7 17. b5 Na5 18. bxa6 bxa6 19. Nd5 Nxc4 20. Bxc4 Rxc4 21. Na3 Rxc1 22. Rxc1 Nc5 23. Nc4 f6 24. Ncb6 Bf7 25. Qe2 Qb8 26. Qc2 Qb7 27. Rb1 Qc6 28. h3 Rb8 29. a4 a5 30. Rb5 h5 31. Bd2 Qe8 32.
Bxa5 Kh8 33. Bb4 Bxd5 34. exd5 Nxa4 35. Qc6 Qxc6 36. dxc6 Nxb6 37. c7 Rc8 38. Rxb6 Rxc7 39. Rb8 Kg8 40. Rxf8+ Kxf8 41. Bxd6+ Re7 42. Kf2 h4 43.
Ke3 Kf7 44. Bxe7 Kxe7 45. Ke4 Ke6 46. f4 f5+ 0-1

[Event "*** Titled Tuesday 3|2 Blitz"]
[Site "Chess.com"]
[Date "2016.08.02"]
[Round "6"]
[White "Pudor"]
[Black "elefante33"]
[Result "0-1"]
[WhiteElo "2291"]
[BlackElo "2469"]
[TimeControl "180+2"]
[EndTime "12:21:38 PDT"]
[Termination "elefante33 won by resignation"]

1. d4 Nf6 2. c4 e6 3. Nc3 Bb4 4. Qc2 O-O 5. a3 Bxc3+ 6. Qxc3 b6 7. Bg5 h6 8. Bh4 Ba6 9. e3 d6 10. Nf3 Nbd7 11. Bd3 c5 12. O-O Rc8 13. dxc5 Nxc5 14. Be2 Nce4 15. Qb4 d5 16. b3 dxc4 17. bxc4 Rc5 18.
Rac1 Qc7 19. Nd4 Rc8 20. f3 Nd6 21. Bg3 e5 22. Nb3 Bxc4 23. Nxc5 bxc5 24. Qd2 Bxe2 25. Qxe2 Nf5 26. Bf2 e4 27. Rfd1 c4 28. Rd5 Nxd5 29. fxe4 Ndxe3 30. exf5 Nxf5 31. Qe4 Nd6 32. Qd5 c3 33.
Bd4 c2 34. Qe5 f6 35. Qe6+ Kh7 36. Bf2 Nf7 37. Qf5+ Kg8 38. h4 Ne5 39. Qe6+ Kh8 40. h5 Qd7 41. Qxd7 Nxd7 42. Bd4 a6 43. Kf2 Kg8 44. Ke2 Kf7 45. Kd3 Ke6 46. Bc3 Nc5+ 47. Kxc2 Ne4 48. Re1 Rxc3+ 49. Kb2 Rc4 50. Kb3 Rd4 0-1

[Event "*** Titled Tuesday 3|2 Blitz"]
[Site "Chess.com"]
[Date "2016.08.02"]
[Round "6"]
[White "MyleneFarmer"]
[Black "fastestmindalive"]
[Result "0-1"]
[WhiteElo "2361"]
[BlackElo "2419"]
[TimeControl "180+2"]
[EndTime "12:21:40 PDT"]
[Termination "fastestmindalive won by checkmate"]

1. Nf3 Nf6 2. g3 d6 3. Bg2 e5 4.
O-O Nc6 5. d4 e4 6. Ng5 Bf5 7. c4 h6 8. Nh3 g5 9. f3 Qd7 10. Nf2 exf3 11. exf3 O-O-O 12. Nc3 Bg7 13. Be3 Rde8 14. Re1 Nh7 15. Qd2 h5 16. a3 h4 17.
g4 Bg6 18. h3 f5 19. gxf5 Bxf5 20. Ng4 Na5 21. Ne4 Nb3 22. Qb4 Nxa1 23. Rxa1 Rxe4 24. fxe4 Bxg4 25. e5 c6 26. Qxd6 Bxh3 27. Rf1 Bxg2 28. Qxd7+ Kxd7 29. Rf7+ Ke6 30. Rxg7 Be4 31. Bxg5 Nxg5 32.
Rxg5 Rd8 33. Kf2 Rxd4 34. Ke3 Rxc4 35. Rg4 Bd5 36. Rg6+ Kxe5 37. Rg5+ Kf6 38. Rh5 Re4+ 39. Kd3 Kg6 40. Rh8 Rg4 41. b4 b6 42. a4 a5 43. bxa5 bxa5 44. Ke3 Re4+ 45. Kf2 Rxa4 46. Ke3 Kg7 47. Rh5 Re4+ 48. Kf2 Rf4+ 49. Ke3 Rf3+ 50. Kd4 Rh3 51. Ke5 Rh1 52. Rg5+ Kf7 53. Rh5 h3 54. Kd6 h2 55. Kc7 a4 56. Rh3 a3 57. Rxa3 Ra1 58.
Rxa1 h1=Q 59. Ra7 Ke6 60. Kb6 Qb1+ 61. Kc5 Qb5+ 62. Kd4 Qb6+ 63. Kc3 Qxa7 64. Kb4 c5+ 65. Kb5 Qb7+ 66. Ka5 Bc4 67. Ka4 Qb4# 0-1

[Event "*** Titled Tuesday 3|2 Blitz"]
[Site "Chess.com"]
[Date "2016.08.02"]
[Round "6"]
[White "Blitzstream"]
[Black "pedromartinez91"]
[Result "0-1"]
[WhiteElo "2445"]
[BlackElo "2298"]
[TimeControl "180+2"]
[EndTime "12:21:41 PDT"]
[Termination "pedromartinez91 won by resignation"]

1. d4 d5 2. Nf3 e6 3. Bf4 Bd6 4. Bg3 Ne7 5. e3 Nf5 6. Bxd6 cxd6 7. c4 Qb6 8. Qb3 dxc4 9. Qxb6 axb6 10. Bxc4 d5 11. Bd3 Nd6 12. Nc3 Bd7 13. Ke2 Nc6 14. Rhc1 Ke7 15. b3 Nb4 16. Ne5 f6 17. Nxd7 Kxd7 18.
a3 Nxd3 19. Kxd3 Rhc8 20. Na4 Ra6 21. Rxc8 Nxc8 22. Kc3 Nd6 23. Kb4 Kd8 24. Rc1 Ra5 25. Rc2 h5 26. h4 g5 27. hxg5 fxg5 28. Nc3 h4 29. Ne2 Rb5+ 30. Kc3 Ne4+ 31. Kb2 Ra5 32. f3 Nd6 33. Ng1 Ra8 34. Nh3 Nf7 35. e4 Kd7 36. Kc3 Rxa3 37. g3 hxg3 38. Rg2 dxe4 39. fxe4 Nd6 40.
Nxg5 Ra8 41. Kd3 Ra3 42. Kc3 Ra5 43. Kd3 Rxg5 44. Ke3 Rg4 45. Kf3 Rxe4 46. Rxg3 Rxd4 47. Rg7+ Kc6 0-1

[Event "*** Titled Tuesday 3|2 Blitz"]
[Site "Chess.com"]
[Date "2016.08.02"]
[Round "6"]
[White "Balandel"]
[Black "awb2001"]
[Result "1-0"]
[WhiteElo "2337"]
[BlackElo "2310"]
[TimeControl "180+2"]
[EndTime "12:21:42 PDT"]
[Termination "Balandel won by resignation"]

1. e4 c5 2. Nf3 Nc6 3. d4 cxd4 4. Nxd4 g6 5. Nc3 Bg7 6. Be3 Nf6 7. f3 O-O 8. g4 Qb6 9. Ncb5 Qd8 10. g5 Nh5 11.
Qd2 d5 12. O-O-O Nxd4 13. Bxd4 dxe4 14. fxe4 Bg4 15. Be2 Bxe2 16. Qxe2 Qa5 17. Bxg7 Kxg7 18. Nc3 Rad8 19. Qg4 b5 20. a3 b4 21. axb4 Qxb4 22. Nd5 Qa5 23. Kb1 Rb8 24. e5 Rfd8 25. Nxe7 Rxd1+ 26. Rxd1 Qxe5 27. Qd4 Rb5 28. Qxe5+ Rxe5 29. Nc6 Rxg5 30.
Nxa7 Nf4 31. b4 Nd5 32. Rd4 Nb6 33. c4 Rg1+ 34. Kb2 Rg2+ 35. Kb3 Rxh2 36. c5 Rh3+ 37. Ka2 Na4 38. c6 Rc3 39. b5 Kf6 40. Rxa4 Ke6 41. b6 Kd6 42. c7 f5 43. c8=Q Rxc8 44. Nxc8+ Kc6 45. Rb4 1-0

[Event "*** Titled Tuesday 3|2 Blitz"]
[Site "Chess.com"]
[Date "2016.08.02"]
[Round "6"]
[White "Ginger_GM"]
[Black "workhard91"]
[Result "0-1"]
[WhiteElo "2396"]
[BlackElo "2397"]
[TimeControl "180+2"]
[EndTime "12:21:50 PDT"]
[Termination "workhard91 won by resignation"]

1. d4 Nf6 2. c4 e6 3. Nf3 Bb4+ 4. Nbd2 O-O 5. a3 Be7 6. e4 d5 7. e5 Nfd7 8. Qc2 c5 9. Bd3 h6 10. O-O Nc6 11. Re1 cxd4 12. cxd5 exd5 13. Nb3 Qb6 14. e6 fxe6 15. Rxe6 Nf6 16. Re1 Ne4 17. Bxe4 dxe4 18. Rxe4 Bf6 19. Nc5 Kh8 20. Ne6 Bxe6 21. Rxe6 Rae8 22.
Rxe8 Rxe8 23. Bd2 d3 24. Qxd3 Rd8 25. Qg6 Qxb2 26. Rb1 Rxd2 27. Nxd2 Qxd2 28. Qe8+ Kh7 29. Qe4+ Kh8 30. Qe8+ Kh7 31. Qe4+ Kh8 32. g3 Qd7 33. h4 Bd4 34. Kg2 Qf7 35. Qe2 Qd5+ 36. Kh2 Bb6 37. Re1 Qf7 38. f4 Nd4 39. Qe8+ Qxe8 40. Rxe8+ Kh7 41. Re7 Nb5 42. a4 Nc3 43. a5 Bxa5 44.
Rxb7 Bb6 45. f5 Nd5 46. Kg2 h5 47. Kf3 Nf6 48. Kf4 Kh6 49. Ke5 Bf2 50. Kf4 Bb6 51.
Rb8 Bc7+ 0-1